 Dungeon Crawl Stone Soup version 0.28.0-47-ge53b351184 (webtiles) character file.

Game seed: 14283180208548533037

81 Gabide the Grave Robber (level 4, -2/32 HPs)
             Began as a Mummy Necromancer on May 2, 2022.
             Was a Believer of Qazlal.
             Killed from afar by an orc wizard (15 damage)
             ... with a puff of flame
             ... on level 4 of the Dungeon.
             The game lasted 00:06:39 (2765 turns).

Gabide the Grave Robber (Mummy Necromancer)         Turns: 2765, Time: 00:06:40

Health: -2/32      AC:  3    Str: 11    XL:     4   Next: 20%
Magic:  0/9        EV: 12    Int: 16    God:    Qazlal [**....]
Gold:   148        SH:  2    Dex: 12    Spells: 6/10 levels left

rFire   x . .      SeeInvis .   b - +3 short sword (freeze)
rCold   + . .      Faith    .   (no shield)
rNeg    + + +      Spirit   .   a - +0 robe
rPois   ∞          Reflect  .   g - +0 helmet
rElec   .          Harm     .   (no cloak)
rCorr   .          Rampage  .   (no gloves)
Will    .....                   (no boots)
Stlth   ++........              (no amulet)
HPRegen 0.10/turn               (no ring)
MPRegen 0.11/turn               (no ring)

@: no status effects
A: cold resistance 1, negative energy resistance 3, torment resistance 2, heat
vulnerability 1, no potions
a: Renounce Religion, Upheaval


You were on level 4 of the Dungeon.
You worshipped Qazlal.
Qazlal was pleased with you.
You visited 1 branch of the dungeon, and saw 4 of its levels.

You collected 148 gold pieces.

Inventory:

Hand Weapons
 b - a +3 short sword of freezing (weapon)
Armour
 a - a +0 robe (worn)
 g - a +0 helmet (worn)
Scrolls
 c - a scroll of identify {unknown}
 d - 2 scrolls of teleportation
 e - a scroll of fear {unknown}
 f - a scroll of magic mapping {unknown}
 h - a scroll of enchant armour {unknown}
 i - a scroll of immolation {unknown}
 j - a scroll of noise {unknown}
 k - 2 scrolls of amnesia {unknown}
 l - a scroll of enchant weapon {unknown}


   Skills:
 * Level 1.6 Fighting
 + Level 2.0 Dodging
 - Level 1.5 Stealth
 * Level 3.7 Spellcasting
 * Level 4.4 Necromancy
 + Level 0.8 Invocations


You had 6 spell levels left.
You knew the following spells:

 Your Spells              Type           Power      Damage    Failure   Level
a - Pain                  Necr           68%        1d7       2%          1
b - Vampiric Draining     Necr           17%        2d7       9%          3

Your spell library contained the following spells:

 Spells                   Type           Power      Damage    Failure   Level
 Animate Skeleton         Necr           34%        N/A       2%          1
 Animate Dead             Necr           8%         N/A       28%         4
 Agony                    Necr           17%        N/A       61%         5


Dungeon Overview and Level Annotations

Branches:
Dungeon (4/15)
 Temple: D:4-7

Altars:
Elyvilon
Qazlal
Ru
Wu Jian


Innate Abilities, Weirdness & Mutations

You are immune to poison.
Your flesh is cold resistant. (rC+)
You are immune to negative energy. (rN+++)
You are immune to unholy pain and torment.
You are vulnerable to heat. (rF-)
You do not drink.


Message History

An adder is nearby!
The adder hisses angrily.
The adder writhes in agony.
The adder writhes in agony.
The adder writhes in agony.
The adder completely misses you.
An adder is nearby!
The adder writhes in agony!
You kill the adder!
Qazlal accepts your kill.
An orc comes into view. It is wielding a +0 mace.
An orc is nearby!
The orc writhes in agony.
You kill the orc!
Qazlal accepts your kill.
You can't see any susceptible monsters within range! (Use Z to cast anyway.)
You hear a shout!
An orc comes into view.
It is wielding a +0 morningstar and wearing a +1 scale mail of cold resistance.
There is a stone staircase leading up here.
An orc is nearby!
An orc wizard comes into view. It is wielding a +0 dagger.
The orc writhes in agony.
The orc barely resists.
The orc writhes in agony.
The orc hits you with a +0 morningstar!
The orc wizard hits you but does no damage.
The orc writhes in agony.
You kill the orc!
Qazlal accepts your kill.
You hear a shout!
You block the orc wizard's attack.
An orc comes into view. It is wielding a +0 dagger.
The orc wizard struggles to resist.
The orc wizard casts a spell at you. The puff of flame hits you!
The fire burns you terribly!
You are too injured to fight recklessly!
The orc wizard points at you and mumbles some strange words.
You resist with some effort.
There is a stone staircase leading up here.
The orc wizard casts a spell at you. The puff of flame hits you!
The fire burns you terribly!
You die...

# ##.# .#.# ...
##########.###.#.
......†.@.)......
......##°#o###...
..... +......
.... ######.# ...
.# .. # .


You could see an orc wizard.

Vanquished Creatures
  2 adders
  An adder zombie (D:3)
  A worm (D:2)
  A dart slug (D:2)
  4 orcs
  6 ball pythons
  2 endoplasms (D:1)
  A giant cockroach (D:2)
  6 goblins
  3 hobgoblins
  2 quokkas (D:2)
  3 bats (D:3)
  4 frilled lizards
  9 kobolds
  5 rats
50 creatures vanquished.

Notes
Turn   | Place    | Note
-------+----------+-------------------------------------------
     0 | D:1      | Gabide the Mummy Necromancer began the quest for the Orb.
     0 | D:1      | Reached XP level 1. HP: 13/13 MP: 4/4
   206 | D:1      | Reached XP level 2. HP: 20/20 MP: 1/6
   343 | D:1      | Found a faded altar of an unknown god.
   373 | D:1      | Prayed at the altar of an unknown god.
   373 | D:1      | Became a worshipper of Qazlal Stormbringer
   373 | D:1      | Reached * piety under Qazlal
  1075 | D:2      | Reached skill level 1 in Fighting
  1139 | D:2      | Reached XP level 3. HP: 26/26 MP: 0/7
  2022 | D:3      | Found an ornate altar of the Wu Jian Council.
  2376 | D:3      | Reached ** piety under Qazlal
  2582 | D:3      | Found a sacrificial altar of Ru.
  2626 | D:3      | Reached XP level 4. HP: 32/32 MP: 7/9
  2657 | D:3      | Learned a level 3 spell: Vampiric Draining
  2765 | D:4      | Killed from afar by an orc wizard

Illustrated notes

Levels and vault maps discovered:
D:1:      saegor_arrival_miasma, layout_rooms, nicolae_ecumenical_lake_church
D:2:      layout_loops_ring, minmay_misc_feat_room
D:3:      layout_basic, mainiacjoe_overflow_alcove_2, marbit_many_paths,
          nzn_wu_jian_council_hall
D:4:      layout_basic, minmay_temple_entry_butterflies

Skill      XL: |  1  2  3 |
---------------+----------+-----
Spellcasting   | 3 |  3.7
Fighting       | 1 |  1.6
Dodging        | 2 |  2.0
Stealth        | |  1.5
Necromancy     | |  4.4
Invocations    | |  0.8

Action                   |  1- 3 |  4- 6 || total
-------------------------+-------+-------++-------
Melee: Unarmed           |     4 |       ||     4
       Short sword       |     8 |       ||     8
 Cast: Pain              |    83 |    10 ||    93
  Use: Scroll            |     1 |       ||     1
Armor: Robe              |     9 |     1 ||    10
Dodge: Dodged            |    13 |     1 ||    14
Block: Other             |     1 |     1 ||     2
